PAAA
PORT ROYAL DISASTER @ TEXAS BRONZE SOX
08/01/2041
 
TOP OF THE 1ST
Port Royal Disaster batting - Pitching for Texas Bronze Sox : RHP Jay Mahabir
Pitching: RHP Jay Mahabir
Batting: RHB Sean Roberts 0-0: Ground out 6-3 (Groundball, 6, EV 86.9 MPH)
Batting: LHB Seung-soo Ch'ae 0-0: Ball
1-0: Ball
2-0: Fly out, F5 (Line Drive, 5, EV 71.2 MPH)
Batting: RHB Jaime Espinar 0-0: Swinging Strike
0-1: Swinging Strike
0-2: Foul Ball, location: 2F
0-2: Strikes out swinging
Top of the 1st over - 0 runs, 0 hits, 0 errors, 0 left on base; Port Royal 0 - Texas 0
BOTTOM OF THE 1ST
Texas Bronze Sox batting - Pitching for Port Royal Disaster : RHP Ren-qing Weng
Pitching: RHP Ren-qing Weng
Batting: RHB Urs van Munster 0-0: Ball
1-0: Foul Ball, location: 2F
1-1: Foul Ball, location: 2F
1-2: SINGLE (Flyball, 9S, EV 92.5 MPH)
Batting: RHB Ricardo Mireles 0-0: Called Strike
0-1: Ball
1-1: Fly out, F8 (Flyball, 8RS, EV 83.1 MPH)
Batting: RHB Jeff Reed 0-0: Called Strike
Urs van Munster steals 2nd base
0-1: Ball
1-1: Ball
2-1: Called Strike
2-2: Fly out, F8 (Flyball, 89D, EV 87.5 MPH)
Runner from 2nd tags up, SAFE at 3rd, no throw by CF
Batting: LHB Dave Watts 0-0: Swinging Strike
0-1: Foul Ball, location: 2F
0-2: Ball
1-2: Foul Ball, location: 2F
1-2: Strikes out swinging
Bottom of the 1st over - 0 runs, 1 hit, 0 errors, 1 left on base; Port Royal 0 - Texas 0
TOP OF THE 2ND
Port Royal Disaster batting - Pitching for Texas Bronze Sox : RHP Jay Mahabir
Batting: RHB Mariano Juderías 0-0: Ball
1-0: Foul Ball, location: 2F
1-1: Fly out, F9 (Line Drive, 9D, EV 90.0 MPH)
Batting: RHB Louie Kennard 0-0: Foul Ball, location: 2F
0-1: Called Strike
0-2: Strikes out swinging
Batting: RHB Michael Brannon 0-0: Swinging Strike
0-1: Foul Ball, location: 2F
0-2: Ball
1-2: Foul Ball, location: 2F
1-2: Ball
2-2: Ball
3-2: Foul Ball, location: 2F
3-2: Strikes out swinging
Top of the 2nd over - 0 runs, 0 hits, 0 errors, 0 left on base; Port Royal 0 - Texas 0
BOTTOM OF THE 2ND
Texas Bronze Sox batting - Pitching for Port Royal Disaster : RHP Ren-qing Weng
Batting: RHB Mitsuhide Bando 0-0: Ball
1-0: Called Strike
1-1: Foul Ball, location: 2F
1-2: Ball
2-2: Ball
3-2: Ground out 5-3 (Groundball, 56, EV 87.5 MPH)
Batting: RHB Jean Couturier 0-0: Ball
1-0: Ball
2-0: Called Strike
2-1: Ball
3-1: Swinging Strike
3-2: Base on Balls
Batting: RHB Dave Lewis 0-0: Swinging Strike
0-1: Called Strike
0-2: Ball
1-2: Foul Ball, location: 2F
1-2: Ball
2-2: Strikes out swinging
Batting: RHB John Ryan 0-0: Foul Ball, location: 2F
0-1: Ball
1-1: Called Strike
1-2: SINGLE (Groundball, 4MD, EV 94.4 MPH)
Jean Couturier to second
Runner from 2nd tries for 3rd, SAFE, throw by CF made to third
Batting: RHB Víctor Murguia 0-0: Swinging Strike
0-1: Foul Ball, location: 2F
0-2: Ball
1-2: Foul Ball, location: 2F
1-2: Ball
2-2: Strikes out swinging
Bottom of the 2nd over - 0 runs, 1 hit, 0 errors, 2 left on base; Port Royal 0 - Texas 0
TOP OF THE 3RD
Port Royal Disaster batting - Pitching for Texas Bronze Sox : RHP Jay Mahabir
Batting: RHB Sean Wallace 0-0: Ground out 5-3 (Groundball, 56, EV 101.2 MPH)
Batting: LHB Gabriel Amezquita 0-0: Foul Ball, location: 2F
0-1: Ball
1-1: Ball
2-1: Ball
3-1: Called Strike
3-2: Strikes out swinging
Batting: RHB Christian Rose 0-0: Called Strike
0-1: Ball
1-1: Ball
2-1: Swinging Strike
2-2: Strikes out swinging
Top of the 3rd over - 0 runs, 0 hits, 0 errors, 0 left on base; Port Royal 0 - Texas 0
BOTTOM OF THE 3RD
Texas Bronze Sox batting - Pitching for Port Royal Disaster : RHP Ren-qing Weng
Batting: RHB Urs van Munster 0-0: Ball
1-0: Ball
2-0: Ball
3-0: Foul Ball, location: 2F
3-1: Foul Ball, location: 2F
3-2: Foul Ball, location: 2F
3-2: Foul Ball, location: 2F
3-2: Foul Ball, location: 2F
3-2: Base on Balls
Batting: RHB Ricardo Mireles 0-0: Called Strike
0-1: SINGLE (Line Drive, 56, EV 98.8 MPH)
Urs van Munster to second
Batting: RHB Jeff Reed 0-0: DOUBLE (Line Drive, 89D, EV 110.0 MPH)
Urs van Munster scores
Ricardo Mireles to third
Runner from 3rd tries for Home, SAFE, throw by CF to trailing runner, SAFE at third!
Batting: LHB Dave Watts 0-0: Ball
1-0: Called Strike
1-1: Ground out 6-3 (Groundball, 6S, EV 91.9 MPH)
Jeff Reed scores
Batting: RHB Mitsuhide Bando 0-0: Ball
1-0: Foul Ball, location: 2F
1-1: SINGLE (Groundball, 4MD, EV 98.8 MPH)
Batting: RHB Jean Couturier 0-0: Called Strike
0-1: Ball
1-1: Foul Ball, location: 2F
1-2: Ball
2-2: Ball
3-2: Fly out, F9 (Flyball, 9LSF, EV 83.8 MPH)
Batting: RHB Dave Lewis 0-0: Ball
1-0: Foul Ball, location: 2F
1-1: Called Strike
1-2: Strikes out looking
Bottom of the 3rd over - 3 runs, 3 hits, 0 errors, 1 left on base; Port Royal 0 - Texas 3
TOP OF THE 4TH
Port Royal Disaster batting - Pitching for Texas Bronze Sox : RHP Jay Mahabir
Batting: RHB Sean Roberts 0-0: Ground out 6-3 (Groundball, 6, EV 89.4 MPH)
Batting: LHB Seung-soo Ch'ae 0-0: Ball
1-0: Ball
2-0: Called Strike
2-1: Ball
3-1: Foul Ball, location: 2F
3-2: Fly out, F7 (Flyball, 7LSF, EV 92.5 MPH)
Batting: RHB Jaime Espinar 0-0: Ball
1-0: Fly out, F8 (Flyball, 89D, EV 99.4 MPH)
Top of the 4th over - 0 runs, 0 hits, 0 errors, 0 left on base; Port Royal 0 - Texas 3
BOTTOM OF THE 4TH
Texas Bronze Sox batting - Pitching for Port Royal Disaster : RHP Ren-qing Weng
Batting: RHB John Ryan 0-0: Ball
1-0: Ball
2-0: Foul Ball, location: 2F
2-1: Ball
3-1: Base on Balls
Batting: RHB Víctor Murguia 0-0: Called Strike
0-1: Foul Ball, location: 2F
0-2: Ball
1-2: Fly out, F7 (Flyball, 7LSF, EV 80.6 MPH)
Batting: RHB Urs van Munster 0-0: Ball
1-0: Ball
2-0: SINGLE (Line Drive, 89M, EV 89.4 MPH)
John Ryan to second
Runner from 2nd tries for 3rd, SAFE, throw by CF made to third
Batting: RHB Ricardo Mireles 0-0: Ball
1-0: Ball
2-0: Called Strike
2-1: Foul Ball, location: 2F
2-2: Fly out, F8 (Flyball, 89D, EV 86.9 MPH)
Runner from 3rd tags up, SCORES, no throw by CF
Batting: RHB Jeff Reed 0-0: Called Strike
0-1: Ball
1-1: Foul Ball, location: 2F
1-2: Ground out 1-3 (Groundball, 13S, EV 71.9 MPH)
Bottom of the 4th over - 1 run, 1 hit, 0 errors, 1 left on base; Port Royal 0 - Texas 4
TOP OF THE 5TH
Port Royal Disaster batting - Pitching for Texas Bronze Sox : RHP Jay Mahabir
Batting: RHB Mariano Juderías 0-0: Called Strike
0-1: Ball
1-1: Foul Ball, location: 2F
1-2: Foul Ball, location: 2F
1-2: Strikes out swinging
Batting: RHB Louie Kennard 0-0: Ball
1-0: Called Strike
1-1: Ground out 6-3 (Groundball, 6S, EV 91.2 MPH)
Batting: RHB Michael Brannon 0-0: Called Strike
0-1: Fly out, F5 (Popup, 56S, EV 75.0 MPH)
Top of the 5th over - 0 runs, 0 hits, 0 errors, 0 left on base; Port Royal 0 - Texas 4
BOTTOM OF THE 5TH
Texas Bronze Sox batting - Pitching for Port Royal Disaster : RHP Ren-qing Weng
Batting: LHB Dave Watts 0-0: Called Strike
0-1: Ground out 6-3 (Groundball, 6, EV 80.0 MPH)
Batting: RHB Mitsuhide Bando 0-0: Swinging Strike
0-1: SINGLE (Groundball, 6D, EV 105.6 MPH)
Batting: RHB Jean Couturier 0-0: Ball
1-0: Foul Ball, location: 2F
1-1: Called Strike
1-2: Ball
2-2: Fly out, F3 (Popup, 23F, EV 83.1 MPH)
Batting: RHB Dave Lewis 0-0: Called Strike
0-1: Ball
1-1: Ball
2-1: Foul Ball, location: 2F
2-2: Foul Ball, location: 2F
2-2: Ball
3-2: Base on Balls
Mitsuhide Bando to second
Pitching: LHP Júlio Díaz
Batting: RHB John Ryan 0-0: Called Strike
0-1: Ball
1-1: Ball
2-1: Foul Ball, location: 2F
2-2: Ball
3-2: Foul Ball, location: 2F
3-2: Strikes out swinging
Bottom of the 5th over - 0 runs, 1 hit, 0 errors, 2 left on base; Port Royal 0 - Texas 4
TOP OF THE 6TH
Port Royal Disaster batting - Pitching for Texas Bronze Sox : RHP Jay Mahabir
Batting: RHB Sean Wallace 0-0: Ball
1-0: Called Strike
1-1: Called Strike
1-2: Ball
2-2: Strikes out looking
Batting: LHB Gabriel Amezquita 0-0: Fly out, F8 (Flyball, 78S, EV 82.5 MPH)
Batting: RHB Christian Rose 0-0: Called Strike
0-1: Called Strike
0-2: Ball
1-2: Ball
2-2: Ball
3-2: Foul Ball, location: 2F
3-2: Strikes out looking
Top of the 6th over - 0 runs, 0 hits, 0 errors, 0 left on base; Port Royal 0 - Texas 4
BOTTOM OF THE 6TH
Texas Bronze Sox batting - Pitching for Port Royal Disaster : LHP Júlio Díaz
Batting: RHB Víctor Murguia 0-0: Called Strike
0-1: Ball
1-1: Ball
2-1: Called Strike
2-2: Strikes out swinging
Batting: RHB Urs van Munster 0-0: Ball
1-0: SINGLE (Groundball, 56, EV 106.2 MPH) (infield hit)
Batting: RHB Ricardo Mireles 0-0: Ball
1-0: Ball
2-0: Called Strike
2-1: Called Strike
2-2: Ball
3-2: Strikes out looking
Batting: RHB Jeff Reed 0-0: Called Strike
0-1: TRIPLE (Flyball, 9LD, EV 96.2 MPH)
Urs van Munster scores
Batting: LHB Dave Watts 0-0: Ball
1-0: Ball
2-0: Called Strike
2-1: Hit by Pitch
Batting: RHB Mitsuhide Bando 0-0: Called Strike
0-1: Ball
1-1: Ball
2-1: 3-RUN HOME RUN (Flyball, 7D, EV 103.1 MPH), Distance : 357 ft
Batting: RHB Jean Couturier 0-0: Called Strike
0-1: Swinging Strike
0-2: Ground out 1-3 (Groundball, 13, EV 71.9 MPH)
Bottom of the 6th over - 4 runs, 3 hits, 0 errors, 0 left on base; Port Royal 0 - Texas 8
TOP OF THE 7TH
Port Royal Disaster batting - Pitching for Texas Bronze Sox : RHP Jay Mahabir
Batting: RHB Sean Roberts 0-0: Ball
1-0: Ball
2-0: Ball
3-0: Called Strike
3-1: Called Strike
3-2: Base on Balls
Batting: LHB Seung-soo Ch'ae 0-0: Called Strike
0-1: Ball
1-1: Foul Ball, location: 2F
1-2: Strikes out swinging
Pinch Hitting: RHB Steve Bock 0-0: Ball
1-0: Called Strike
1-1: Called Strike
1-2: Ball
2-2: Foul Ball, location: 2F
2-2: Grounds into double play, 6-4-3 (Groundball, 6, EV 90.6 MPH)
Top of the 7th over - 0 runs, 0 hits, 0 errors, 0 left on base; Port Royal 0 - Texas 8
BOTTOM OF THE 7TH
Texas Bronze Sox batting - Pitching for Port Royal Disaster : LHP Júlio Díaz
Now at 1B: Leilani Aberahama
Batting: RHB Dave Lewis 0-0: Fly out, F9 (Flyball, 9S, EV 92.5 MPH)
Batting: RHB John Ryan 0-0: Fly out, F7 (Flyball, 7S, EV 90.6 MPH)
Batting: RHB Víctor Murguia 0-0: Ball
1-0: Ground out 5-3 (Groundball, 5, EV 88.1 MPH)
Bottom of the 7th over - 0 runs, 0 hits, 0 errors, 0 left on base; Port Royal 0 - Texas 8
TOP OF THE 8TH
Port Royal Disaster batting - Pitching for Texas Bronze Sox : RHP Jay Mahabir
Batting: RHB Mariano Juderías 0-0: Foul Ball, location: 2F
0-1: Ball
1-1: Ball
2-1: Ball
3-1: SINGLE (Groundball, 6MD, EV 103.1 MPH)
Batting: RHB Louie Kennard 0-0: Ball
1-0: Ball
2-0: SINGLE (Line Drive, 4D, EV 95.0 MPH)
Mariano Juderías to second
Batting: RHB Michael Brannon 0-0: Ball
1-0: Called Strike
1-1: Called Strike
1-2: Ball
2-2: Foul Ball, location: 2F
2-2: Ball
3-2: Fly out, F8 (Flyball, 8RXD, EV 90.6 MPH)
Runner from 2nd tags up, SAFE at 3rd, no throw by CF
Batting: RHB Sean Wallace 0-0: Ball
1-0: Ball
2-0: Ball
3-0: Called Strike
3-1: Fly out, F8 (Flyball, 8RM, EV 81.9 MPH)
Pitching: RHP Evan Groenevelt
Batting: LHB Gabriel Amezquita 0-0: Ground out 4-3 (Groundball, 4, EV 105.6 MPH)
Top of the 8th over - 0 runs, 2 hits, 0 errors, 2 left on base; Port Royal 0 - Texas 8
BOTTOM OF THE 8TH
Texas Bronze Sox batting - Pitching for Port Royal Disaster : LHP Júlio Díaz
Pinch Hitting: RHB Andy Garnet 0-0: Called Strike
0-1: Swinging Strike
0-2: Ball
1-2: Foul Ball, location: 2F
1-2: Hit by Pitch
Batting: RHB Ricardo Mireles 0-0: Called Strike
0-1: Ball
1-1: SINGLE (Groundball, 6MD, EV 104.4 MPH)
Andy Garnet to second
Batting: RHB Jeff Reed 0-0: Ball
1-0: Called Strike
1-1: Fielders Choice at 2nd, 3-6 (Groundball, 34S, EV 83.1 MPH)
Andy Garnet to third
Batting: LHB Dave Watts 0-0: Called Strike
0-1: Called Strike
0-2: Fielders Choice at 2nd, 6-4 (Groundball, 6M, EV 80.0 MPH)
Andy Garnet scores
Batting: RHB Mitsuhide Bando 0-0: Foul Ball, location: 2F
0-1: Ball
1-1: Fielders Choice at 2nd, 6-4 (Groundball, 56, EV 86.9 MPH)
Bottom of the 8th over - 1 run, 1 hit, 0 errors, 1 left on base; Port Royal 0 - Texas 9
TOP OF THE 9TH
Port Royal Disaster batting - Pitching for Texas Bronze Sox : RHP Evan Groenevelt
Now at 1B: Andy Garnet
Batting: RHB Christian Rose 0-0: Called Strike
0-1: Foul Ball, location: 2F
0-2: Foul Ball, location: 2F
0-2: Strikes out looking
Batting: RHB Sean Roberts 0-0: Ball
1-0: Called Strike
1-1: Swinging Strike
1-2: Foul Ball, location: 2F
1-2: Foul Ball, location: 2F
1-2: Strikes out looking
Batting: LHB Seung-soo Ch'ae 0-0: Foul Ball, location: 2F
0-1: Fly out, F7 (Line Drive, 7, EV 90.6 MPH)
Top of the 9th over - 0 runs, 0 hits, 0 errors, 0 left on base; Port Royal 0 - Texas 9
Tuesday, January 5th, 2021 - OOTP Baseball 20.8 Build 74